 Dungeon Crawl Stone Soup version 0.29.1-15-g9cfb28693d (webtiles) character file.

Game seed: 9683722326033956263

2329 BuddhaDhamma the Cleaver (level 9, -5/70 HPs)
             Began as a Minotaur Berserker on Mar 18, 2023.
             Was a Priest of Trog.
             Slain by a wyvern (14 damage)
             ... on level 7 of the Dungeon.
             The game lasted 00:11:18 (6505 turns).

BuddhaDhamma the Cleaver (Minotaur Berserker)       Turns: 6505, Time: 00:11:18

Health: -5/70      AC: 10    Str: 26    XL:     9   Next: 19%
Magic:  8/8        EV:  9    Int:  4    God:    Trog [***...]
Gold:   357        SH:  0    Dex: 10    Spells: 8/8 levels left

rFire   . . .      SeeInvis .   y - +2 hand axe (vamp)
rCold   . . .      Faith    .   (no shield)
rNeg    . . .      Spirit   .   h - +0 chain mail
rPois   .          Reflect  .   (helmet restricted)
rElec   .          Harm     .   (no cloak)
rCorr   .          Rampage  .   s - +1 pair of gloves
Will    .....                   (no boots)
Stlth   ..........              (no amulet)
HPRegen 0.21/turn               (no ring)
MPRegen 0.11/turn               (no ring)

@: no status effects
A: horns 2, retaliatory headbutt
a: Renounce Religion, Berserk, Trog's Hand


You were on level 7 of the Dungeon.
You worshipped Trog.
Trog was most pleased with you.
You visited 1 branch of the dungeon, and saw 7 of its levels.

You collected 357 gold pieces.

Inventory:

Hand Weapons
 a - a +1 war axe
 y - a +2 vampiric hand axe (weapon)
Missiles
 c - 25 poisoned darts (quivered)
 t - 2 throwing nets
Armour
 h - a +0 chain mail (worn)
 s - a +1 pair of gloves (worn)
Jewellery
 v - a ring of fire
Wands
 m - a wand of flame (9)
 w - a wand of charming (9)
Scrolls
 e - 7 scrolls of teleportation
 f - 4 scrolls of identify
 j - 3 scrolls of magic mapping
 l - 2 scrolls of fear
 p - a scroll of fog
 x - 4 scrolls of enchant weapon
Potions
 b - 3 potions of ambrosia
 d - 4 potions of curing
 i - 2 potions of magic
 k - a potion of flight
 n - 4 potions of heal wounds
 o - 2 potions of cancellation
 q - a potion of resistance
 r - a potion of degeneration
 u - 2 potions of lignification
 z - a potion of haste
 B - a potion of mutation
 C - a potion of berserk rage
 D - a potion of attraction


   Skills:
 - Level 3.6 Fighting
 + Level 14.8 Axes
 - Level 2.4 Armour
 - Level 2.1 Dodging


You had 8 spell levels left.
You didn't know any spells.
Your spell library was empty.

Dungeon Overview and Level Annotations

Branches:
Dungeon (7/15)             Temple (0/1) D:4

Altars:
Makhleb

Shops:
D:2 [   D:3 :

Annotations:
D:4 2 transporters, fleeber's ghost, novice BaHu


Innate Abilities, Weirdness & Mutations

You have a pair of horns on your head.
You reflexively headbutt those who attack you in melee.


Message History

The wyvern bites you.
You closely miss the wyvern.
The wyvern bites you but does no damage.
You slash the wyvern!
The wyvern is heavily wounded.
You hit the wyvern but do no damage. You headbutt the wyvern!
The wyvern is severely wounded.
The wyvern bites you.
You closely miss the wyvern.
The wyvern is severely wounded.
The wyvern bites you!
You are too injured to fight recklessly!
You are too injured to fight recklessly!
You closely miss the wyvern.
The wyvern is severely wounded.
The wyvern bites you!
You barely miss the wyvern.
The wyvern is severely wounded.
The wyvern bites you!
You hit the wyvern.
You feel better.
You headbutt the wyvern, but do no damage.
You punch the wyvern.
The wyvern is almost dead.
The wyvern bites you!
You barely miss the wyvern. Your headbutt misses the wyvern.
The wyvern is severely wounded.
The wyvern barely misses you.
You barely miss the wyvern.
The wyvern is severely wounded.
The wyvern hisses menacingly.
The wyvern bites you!
* * * LOW HITPOINT WARNING * * *
You barely miss the wyvern.
The wyvern is severely wounded.
The wyvern bites you!
* * * LOW HITPOINT WARNING * * *
You closely miss the wyvern. You headbutt the wyvern.
The wyvern is almost dead.
The wyvern bites you!
You die...

........#.........
........##...#..##
####.....######...
#.....# ...
#...(.# .. #.....#
#.....# ###.....##
.......@.#
.......l.#
.........#
.........#
.........#
.........#
.........#
##########


You could see a wyvern.

Vanquished Creatures
  The ghost of zeram the Chopper, an amateur HOFi of Qazlal (D:5)
  Eustachio (D:4)
  Edmund (D:6)
  A sky beast (D:7)
  An ice beast (D:5)
  A black bear (D:6)
  2 centaurs (D:6)
  3 ogres
  2 phantoms (D:4)
  A kobold brigand (D:6)
  A scorpion (D:6)
  3 hounds
  2 orc priests (D:5)
  A gnoll bouda (D:4)
  2 jellies
  Natasha (thrice) (D:3)
  3 iguanas
  5 orc wizards
  Robin (D:2)
  18 gnolls
  9 adders
  2 ufetubi (D:6)
  2 worms
  A dart slug (D:3)
  14 orcs
  7 bats
  5 endoplasms
  5 giant cockroaches
  12 goblins
  10 hobgoblins
  4 quokkas
  3 ball pythons
  A frilled lizard (D:1)
  10 kobolds
  8 rats
146 creatures vanquished.

Vanquished Creatures (others)
  17 plants (D:2)
17 creatures vanquished.

Grand Total: 163 creatures vanquished

Notes
Turn   | Place    | Note
-------+----------+-------------------------------------------
     0 | D:1      | BuddhaDhamma the Minotaur Berserker began the quest for the
                  | Orb.
     0 | D:1      | Reached XP level 1. HP: 19/19 MP: 0/0
    62 | D:1      | Reached skill level 4 in Axes
   173 | D:1      | Reached XP level 2. HP: 26/26 MP: 1/1
   588 | D:1      | Found a faded altar of an unknown god.
   693 | D:2      | Reached skill level 5 in Axes
   693 | D:2      | Reached XP level 3. HP: 30/31 MP: 2/2
   766 | D:2      | Reached skill level 6 in Axes
   766 | D:2      | Reached XP level 4. HP: 32/39 MP: 3/3
   951 | D:2      | Found Ninny's Antique Armour Emporium.
  1318 | D:2      | Reached XP level 5. HP: 45/45 MP: 4/4
  1321 | D:2      | Noticed Robin
  1327 | D:2      | Reached skill level 7 in Axes
  1327 | D:2      | Reached ** piety under Trog
  1332 | D:2      | Killed Robin
  1874 | D:3      | Found Hufron's Vocational Training.
  1929 | D:3      | Noticed Natasha
  1945 | D:3      | Identified the +1 robe of Slovenliness {Rampage Dex+2
                  | Stlth-}
  1960 | D:3      | Killed Natasha
  2347 | D:3      | Noticed Natasha
  2355 | D:3      | Killed Natasha
  2356 | D:3      | Reached skill level 8 in Axes
  2436 | D:3      | Noticed Natasha
  2445 | D:3      | Killed Natasha
  2446 | D:3      | Reached XP level 6. HP: 38/51 MP: 5/5
  2504 | D:4      | Reached skill level 9 in Axes
  3126 | D:4      | Reached XP level 7. HP: 54/57 MP: 6/6
  3202 | D:4      | Found a burning altar of Makhleb.
  3202 | D:4      | Noticed Eustachio
  3232 | D:4      | Killed Eustachio
  3233 | D:4      | Reached skill level 10 in Axes
  3536 | D:4      | Found a transporter.
  3536 | D:4      | Identified the +4 great mace "Nionei" {vorpal, rElec rC+
                  | rN+}
  3537 | D:4      | Noticed fleeber's ghost (novice BaHu)
  3538 | D:4      | Found a transporter.
  3926 | D:4      | Found a staircase to the Ecumenical Temple.
  4164 | D:5      | Entered Level 5 of the Dungeon
  4278 | D:5      | Reached skill level 11 in Axes
  4440 | D:5      | Reached *** piety under Trog
  4544 | D:5      | Reached XP level 8. HP: 63/64 MP: 7/7
  4689 | D:5      | Reached skill level 12 in Axes
  4788 | D:5      | Found a runed translucent gate.
  4788 | D:5      | Found a runed translucent gate.
  4788 | D:5      | Found a runed translucent gate.
  4789 | D:5      | Noticed zeram's ghost (amateur HOFi)
  5116 | D:5      | Killed zeram's ghost
  5117 | D:5      | Reached skill level 13 in Axes
  5751 | D:6      | Noticed Edmund
  5761 | D:6      | Killed Edmund
  5762 | D:6      | Reached skill level 14 in Axes
  5787 | D:6      | Reached XP level 9. HP: 16/70 MP: 8/8
  6505 | D:7      | Slain by a wyvern

Illustrated notes

Levels and vault maps discovered:
D:1:      scummos_arrival_star, layout_loops_ring,
          hellmonk_ecumenical_altar_leap_of_faith
D:2:      layout_rooms, serial_shops, nicolae_shop_hallway_plus,
          serial_bayou_pond_b, chequers_serial_rivers_micro_b,
          nicolae_grassy_gnolls, uniq_robin
D:3:      layout_basic, nicolae_shop_vocational, uniq_natasha
D:4:      layout_rooms, mainiacjoe_overflow_brackets,
          minmay_temple_entry_enclosed_plants, gammafunk_ghost_smash,
          uniq_eustachio
D:5:      layout_basic, ebering_ghost_rock_garden
D:6:      layout_loops_ring, uniq_edmund
D:7:      layout_gridville, kennysheep_small_circle

Skill      XL: |  1  2  3  4  5  6  7  8 |
---------------+-------------------------+-----
Axes           | 4 5 6 8 9 11 14 | 14.8
Fighting       | |  3.6
Armour         | |  2.4
Dodging        | |  2.1

Action                   |  1- 3 |  4- 6 |  7- 9 || total
-------------------------+-------+-------+-------++-------
Melee: Hand axe          |    36 |   155 |   194 ||   385
       Headbutt          |     7 |    19 |    35 ||    61
       Punch             |       |     1 |     3 ||     4
Throw: Dart              |     3 |       |       ||     3
Invok: Berserk           |     1 |     4 |     5 ||    10
       Trog's Hand       |       |     1 |       ||     1
  Use: Potion            |       |     1 |       ||     1
       Scroll            |       |       |    20 ||    20
Armor: Ring mail         |    14 |     8 |       ||    22
       Animal skin       |     1 |       |       ||     1
       Chain mail        |       |    84 |    92 ||   176
Dodge: Dodged            |    27 |    66 |    70 ||   163
